Map: Disco Bloodbath LE

Players

kobe - Winner!

  • Race: Protoss Protoss
  • League: Platinum
  • Spawn Location: 3:00

pHARM

  • Race: Zerg Zerg
  • League: Platinum
  • Spawn Location: 9:00

VOD

Have the link to the VOD?

Description

Time

  • Played on: Oct. 6, 2019, 2:56 a.m.
  • Length: 12:45
Show
View Real Time Build Order
Export as new Build Order

kobe Protoss - Winner!

Build Orders: 1 Gate Expand, Double Forge 

Get SALT Encoding   

  12  0:01  Probe  
  13  0:19  Pylon  
  13  0:22  Probe  
  14  0:35  Probe (Chrono Boost)  
  15  0:42  Gateway  
  15  0:44  Probe (Chrono Boost)  
  15  0:49  Probe (Chrono Boost)  
  16  0:56  Assimilator  
  17  1:01  Probe  
  18  1:13  Probe  
  19  1:25  Probe (Chrono Boost)  
  20  1:28  Nexus  
  20  1:37  Probe (Chrono Boost)  
  20  1:38  Zealot  
  23  1:47  Pylon  
  23  1:57  Cybernetics Core  
  23  2:05  Probe  
  24  2:10  Assimilator  
  24  2:17  Probe  
  24  2:20  Gateway  
  25  2:40  Probe (Chrono Boost)  
  25  2:41  Probe (Chrono Boost)  
  27  2:50  Probe (Chrono Boost), Stalker  
  27  2:51  Probe (Chrono Boost)  
  31  2:55  Probe x2 (Chrono Boost)  
  33  3:05  Pylon  
  33  3:06  Probe  
  33  3:07  Probe  
  33  3:10  Pylon  
  35  3:14  Sentry  
  35  3:18  Probe  
  35  3:19  Probe  
  39  3:26  Pylon  
  39  3:30  Probe (Chrono Boost)  
  41  3:36  Probe (Chrono Boost)  
  41  3:37  Robotics Facility  
  41  3:38  Stalker  
  41  3:40  Stalker  
  46  3:42  Probe (Chrono Boost)  
  46  3:43  Warp Gate  
  46  3:45  Probe (Chrono Boost)  
  48  3:49  Probe (Chrono Boost)  
  48  3:55  Probe (Chrono Boost)  
  49  3:58  Assimilator  
  49  4:00  Probe x2 (Chrono Boost)  
  49  4:02  Assimilator  
  51  4:08  Stalker  
  51  4:09  Probe  
  54  4:10  Stalker  
  54  4:15  Probe (Chrono Boost)  
  57  4:21  Probe (Chrono Boost)  
  58  4:27  Observer  
  60  4:31  Probe (Chrono Boost)  
  60  4:35  Twilight Council  
  60  4:40  Robotics Bay  
  60  4:41  Forge  
  60  4:42  Forge  
  60  4:46  Pylon  
  60  4:48  Pylon  
  60  4:50  Probe x2  
  62  5:02  Probe x2 (Chrono Boost)  
  64  5:09  Nexus  
  64  5:10  Pylon  
  64  5:12  Pylon  
  64  5:14  Probe (Chrono Boost)  
  64  5:19  Charge  
  64  5:20  Probe (Chrono Boost)  
  66  5:22  Protoss Ground Armor Level 1, Protoss Ground Weapons Level 1  
  66  5:35  Stalker x2  
  70  5:43  Gateway  
  70  5:44  Probe (Chrono Boost)  
  70  5:49  Probe (Chrono Boost)  
  72  5:54  Probe (Chrono Boost)  
  74  5:58  Probe (Chrono Boost)  
  74  6:05  Probe (Chrono Boost)  
  74  6:10  Colossus  
  82  6:14  Probe (Chrono Boost)  
  82  6:15  Probe (Chrono Boost)  
  82  6:16  Assimilator  
  82  6:18  Assimilator  
  83  6:21  Probe x2 (Chrono Boost)  
  83  6:25  Probe (Chrono Boost)  
  86  6:29  Extended Thermal Lance  
  86  6:31  Probe (Chrono Boost)  
  86  6:32  Probe (Chrono Boost)  
  88  6:35  Probe (Chrono Boost), Stalker  
  88  6:36  Stalker  
  93  6:47  Stalker  
  95  6:57  Gateway  
  95  6:59  Gateway x2  
  95  7:00  Gateway  
  95  7:02  Pylon  
  95  7:03  Pylon  
  95  7:05  Pylon  
  95  7:07  Pylon  
  95  7:09  Pylon  
  95  7:12  Stalker x2  
  95  7:13  Stalker  
  101  7:19  Templar Archives  
  101  7:27  Robotics Facility  
  101  7:28  Colossus  
  107  7:38  Probe x3  
  110  7:49  Zealot x3  
  110  7:50  Probe x3  
  119  8:01  Protoss Ground Armor Level 2, Protoss Ground Weapons Level 2  
  119  8:02  Probe x3  
  122  8:06  Zealot x4  
  122  8:12  Photon Cannon  
  130  8:15  Photon Cannon  
  130  8:17  Shield Battery  
  130  8:22  Colossus  
  130  8:25  Photon Cannon  
  136  8:35  Photon Cannon  
  136  8:37  Photon Cannon, Psionic Storm  
  136  8:40  Shield Battery  
  136  8:41  Colossus  
  136  8:45  Zealot  
  136  8:46  Zealot x6  
  156  9:06  Assimilator  
  156  9:07  Nexus  
  156  9:08  Pylon  
  156  9:10  Assimilator  
  156  9:12  Pylon  
  150  9:20  Colossus  
  139  9:32  High Templar x2  
  139  9:33  High Templar x3  
  149  9:43  Pylon  
  149  9:46  Pylon x2  
  149  9:48  Pylon  
  149  9:53  Nexus  
  149  10:00  Photon Cannon  
  149  10:01  Photon Cannon  
  149  10:04  Photon Cannon  
  149  10:08  Photon Cannon  
  149  10:10  Shield Battery  
  149  10:12  Colossus, Shield Battery  
  155  10:23  High Templar x4  
  155  10:25  Archon  
  155  10:26  Archon  
  155  10:27  Archon x2  
  163  10:30  High Templar  
  163  10:31  Zealot x2  
  169  10:36  Archon  
  169  10:44  Probe x2 (Chrono Boost)  
  169  10:45  Probe (Chrono Boost)  
  172  10:55  Probe x3 (Chrono Boost)  
  175  10:59  Probe x3 (Chrono Boost)  
  175  11:02  High Templar  
  175  11:03  High Templar  
  182  11:04  Zealot x2  
  182  11:05  Zealot x2  
  182  11:07  Archon  
  182  11:10  Probe  
  191  11:15  Colossus  
  198  11:25  Probe x2  
  198  11:26  Probe  
  200  11:45  High Templar x3  
  200  11:46  High Templar  
  184  11:47  Zealot  
  184  11:48  Zealot x2  
  184  11:49  Archon  
  184  11:50  Archon  
  164  12:09  High Templar  
  164  12:10  High Templar x2  
  170  12:20  Zealot x3  
  170  12:21  Zealot  
  168  12:29  Gateway x2  
  160  12:32  Gateway  
  160  12:36  Gateway  
  150  12:40  Gateway  
  144  12:44  Gateway  
  144  12:45  Gateway  
Show
View Real Time Build Order
Export as new Build Order

pHARM Zerg 

Build Orders: Hatch First 

Get SALT Encoding   

  12  0:01  Drone  
  13  0:15  Overlord  
  13  0:16  Drone  
  14  0:35  Drone x2  
  16  0:48  Drone x2  
  18  1:03  Hatchery  
  17  1:11  Spawning Pool  
  17  1:12  Drone  
  17  1:16  Drone  
  18  1:22  Drone  
  19  1:34  Drone  
  20  1:45  Drone  
  21  1:52  Drone  
  22  2:03  Overlord  
  22  2:04  Hatchery  
  21  2:14  Queen  
  23  2:19  Drone x2  
  25  2:23  Queen  
  27  2:39  Drone x4  
  31  2:57  Drone x3  
  34  3:01  Queen  
  34  3:04  Overlord  
  36  3:23  Drone x5  
  41  3:32  Extractor  
  41  3:34  Extractor  
  39  3:35  Drone x7  
  39  3:36  Extractor  
  45  3:46  Drone x2  
  47  4:02  Evolution Chamber  
  46  4:05  Roach Warren  
  45  4:19  Baneling Nest  
  44  4:29  Zerg Melee Weapons Level 1  
  44  4:31  Overlord x3  
  44  4:47  Roach  
  44  4:48  Roach x2  
  44  4:49  Roach x5  
  44  4:51  Roach  
  62  4:53  Roach  
  62  4:58  Drone x3  
  67  5:03  Drone x5  
  72  5:25  Drone x2  
  72  5:26  Overlord  
  72  5:27  Overlord x7  
  74  5:28  Overlord  
  74  5:33  Lair  
  74  6:07  Metabolic Boost  
  74  6:17  Roach  
  74  6:18  Roach x13  
  102  6:36  Drone x8  
  110  6:40  Extractor  
  110  6:41  Extractor  
  108  6:47  Hydralisk Den  
  108  6:49  Infestation Pit, Extractor  
  108  6:50  Drone x3  
  108  6:53  Drone  
  109  7:27  Hydralisk x2  
  109  7:28  Hatchery, Hydralisk x10  
  132  7:34  Muscular Augments  
  132  7:42  Hatchery  
  132  7:43  Zergling x14  
  138  7:52  Overlord x4  
  138  8:30  Baneling x14  
  138  8:31  Zergling x18  
  138  8:32  Zergling x14  
  154  8:38  Hive  
  154  8:40  Zerg Melee Weapons Level 2  
  154  8:46  Drone x7  
  135  9:35  Spire  
  129  9:44  Drone x2  
  129  9:45  Drone x12  
  143  9:52  Centrifical Hooks  
  143  10:09  Grooved Spines  
  143  10:11  Extractor  
  142  10:18  Overlord x5, Extractor  
  141  10:44  Hatchery  
  141  10:48  Greater Spire  
  140  10:50  Corruptor x16  
  172  11:30  Overseer x2  
  136  11:48  Roach x5  
  136  11:49  Roach x19  
  136  11:50  Roach x3  
  152  12:01  Hydralisk x7  
  148  12:08  Hydralisk  
  150  12:21  Hydralisk x10  
Tags
 
Add a new tag
Caveats
  • Supply blocks, unpowered buildings, or Contaminate may cause inaccurate times.
  • Supply counts are checked every 10 seconds.